 Dungeon Crawl Stone Soup version 0.21.0-3-g78d12a8bdd (webtiles) character file.

180696 Jannitor the Severer (level 17, -5/159 HPs)
             Began as a Deep Dwarf Fighter on Jan 13, 2018.
             Was a High Priest of Makhleb.
             Slain by the Enchantress
             ... wielding a +4 lajatang of electrocution
              (16 damage)
             ... on level 5 of the Depths.
             The game lasted 00:53:10 (17025 turns).

Jannitor the Severer (Deep Dwarf Fighter)          Turns: 17025, Time: 00:53:11

Health: -5/159     AC: 13    Str: 26    XL:     17   Next: 65%
Magic:  17/17      EV: 18    Int: 10    God:    Makhleb [*****.]
Gold:   825        SH: 16    Dex: 14    Spells: 16/16 levels left

rFire    + + +     SeeInvis .   w - +5 broad axe (vamp)
rCold    x . .     Gourm    .   c - +0 shield
rNeg     + . .     Faith    .   L - +6 fire dragon scales
rPois    +         Spirit   .   m - +1 helmet
rElec    .         Reflect  +   A - +0 cloak
rCorr    +         Harm     .   (no gloves)
MR       ++...                  V - +0 pair of boots
Stlth    +.........             F - +2 amulet of reflection
HPRegen  0.00/turn              e - ring of resist corrosion
MPRegen  0.15/turn              Y - ring "Ceaxt" {rPois rF+ Slay+3 Stlth+}

@: corroded, very slightly contaminated, non-regenerating
A: damage resistance, heal wounds, claws 1, agile 1, negative energy resistance
1, sense surroundings 2, no regeneration
a: Heal Wounds, Minor Destruction, Lesser Servant of Makhleb, Major Destruction,
Greater Servant of Makhleb, Renounce Religion


You were on level 5 of the Depths.
You worshipped Makhleb.
Makhleb was extremely pleased with you.
You were not hungry.

You visited 3 branches of the dungeon, and saw 21 of its levels.
You also visited: Ice Cave.

You collected 1993 gold pieces.
You spent 1168 gold pieces at shops.

Inventory:

Hand Weapons
 a - a +0 war axe
 b - a +1 broad axe of freezing
 w - a +5 vampiric broad axe (weapon)
 D - a +2 flail of crushing
 U - a +2 broad axe of chopping
Armour
 c - a +0 shield (worn)
 g - the cursed +1 plate armour of Uschuet {+Inv rPois rC+}
   (You found it on level 3 of the Depths)

   It protects you from cold.
   It protects you from poison.
   It lets you turn invisible.
   It has a curse placed upon it.
 m - a +1 helmet (worn)
 A - a +0 cloak (worn)
 H - the +7 chain mail "Zutea" {MR+}
   (You found it on level 12 of the Dungeon)

   It affects your resistance to hostile enchantments.
 L - +6 fire dragon scales (worn)
 V - a +0 pair of boots (worn)
Jewellery
 e - a ring of resist corrosion (left claw)
 k - an uncursed ring of positive energy
 t - an uncursed ring of poison resistance
 z - an uncursed ring of flight
 F - a +2 amulet of reflection (around neck)
 I - a +4 ring of dexterity
 K - an uncursed amulet of faith
 N - a +2 ring of evasion
 Q - an uncursed ring of protection from cold
 T - an uncursed ring of ice
 Y - the ring "Ceaxt" (right claw) {rPois rF+ Slay+3 Stlth+}
   (You bought it in a shop on level 2 of the Depths)

   [ring of protection from fire]

   It affects your accuracy and damage with ranged weapons and melee attacks
   (+3).
   It protects you from fire.
   It protects you from poison.
   It makes you more stealthy.
 Z - an uncursed ring of see invisible
Wands
 p - a wand of acid (2)
 y - a wand of flame (72)
 B - a wand of polymorph (10)
 C - a wand of disintegration (12)
 E - a wand of iceblast (13)
 M - a wand of clouds (7)
 R - a wand of random effects (19)
 S - a wand of paralysis (9)
Scrolls
 h - 4 scrolls of magic mapping
 j - 3 scrolls of immolation
 l - 2 scrolls of amnesia
 q - 2 scrolls of fear
 u - 2 scrolls of identify
 v - 12 scrolls of remove curse
 W - a scroll of enchant armour
 X - a scroll of fog
Potions
 i - 3 potions of mutation
 r - 3 potions of haste
 s - 3 potions of agility
 x - 5 potions of curing
 G - 3 potions of flight
 J - 2 potions of brilliance
Miscellaneous
 P - a lightning rod (4/4)
Comestibles
 f - 18 rations


   Skills:
 + Level 12.2 Fighting
 * Level 16.5(16.7) Axes
 - Level 4.4(11.1) Maces & Flails
 + Level 14.1 Armour
 * Level 13.6 Dodging
 + Level 14.2 Shields
 + Level 14.8 Invocations
 - Level 5.5 Evocations


You had 16 spell levels left.
You didn't know any spells.

Dungeon Overview and Level Annotations

Branches:
Dungeon (15/15)            Temple (1/1) D:5            Lair (0/6) D:8
    Orc (0/2) D:11         Vaults (0/5) D:14         Depths (5/5) D:15
    Zot: Depths:5

Altars:
Cheibriados
Elyvilon
Gozag
Hepliaklqana
Makhleb
Okawaru
Ru
Trog
Uskayaw
Vehumet
Wu Jian
Yredelemnul
Zin
The Shining One

Shops:
D:7 }   Depths:1 *   Depths:2 *=

Portals:
Hell: Depths:1 Depths:2 Depths:3 Depths:5
Pandemonium: Depths:1

Annotations:
D:5 1 runed door
Depths:5 the Enchantress


Innate Abilities, Weirdness & Mutations

You are resistant to damage.
You can heal yourself by infusing magical energy.
You resist negative energy. (rN+)
You passively map the area around you.
You do not regenerate.
You have sharp fingernails.
You are agile. (Dex +2)


Message History

* * * LOW HITPOINT WARNING * * *
The tentacled monstrosity tentacle-slaps your Executioner but does no damage. x2
The tentacled monstrosity barely misses your Executioner.
* * * LOW HITPOINT WARNING * * *
The tentacled monstrosity constricts you.
Your Executioner hits the tentacled monstrosity.
Your Executioner hits the tentacled monstrosity but does no damage.
Your Executioner hits the tentacled monstrosity.
Unknown command.
Unknown command.
Unknown command.
You barely miss the tentacled monstrosity.
The tentacled monstrosity is almost dead.
You completely miss something.
Your Executioner barely misses the tentacled monstrosity.
Your Executioner hits the tentacled monstrosity!
The tentacled monstrosity dies!
Makhleb accepts your kill. Something hits you!
You die...

*,,,,,,,,,,,,,......≈...##......
*,,,,,,,,,,,,..##.....c.#.......
*,,,,,,,,,,,,.........#.........
**,***,,,,,,,..........###......
****,,,,,**,.....#...##*,......
**,,,,**,...(.....#*,,......
**,,****#.#.....##*,,,,,,,, ****
*##)......,,,,,,,,,
*#@.......,,≈≈,,,,,
#.........≈≈≈≈≈,,,,
#..1......,≈≈≈≈,,,,
*#.#.......,≈,≈≈,,<,
*..,.∩.....,,,,≈,,,,
##.*#..)...,,,,,,,,,
#.*,....§≈,,,,,,,,,
##,,....)≈,,,,,≈,,,
*****,,,,,,,,,,,,,≈,,


You could see a yaktaur and a friendly Executioner.

Vanquished Creatures
  2 fire giants
  4 frost giants
  A balrug (Depths:3)
  4 spriggan defenders
  3 war gargoyles (Depths:4)
  5 stone giants
  A vampire knight (Depths:2)
  A deep elf demonologist (Depths:2)
  7 very ugly things
  The ghost of NihilVerum the Prestidigitator, a journeyman GnAr of Ru (D:12)
  2 entropy weavers (shapeshifter) (Depths:4)
  A dire elephant (D:15)
  The ghost of Paulina the Bewitcher, a journeyman FoEn of Sif Muna (D:14)
  A blizzard demon (Depths:4)
  2 fire dragons
  5 ettins
  3 great orbs of eyes
  2 merfolk impalers (Depths:1)
  2 yaktaur captains
  A rakshasa (Depths:2)
  3 ice dragons
  7 vault guards
  A spriggan air mage (Depths:3)
  4 ogre magi
  20 two-headed ogres
  A death knight (D:14)
  2 dancing weapons (Depths:4)
  7 centaur warriors
  A deep troll earth mage (Depths:5)
  2 deep troll shamans
  4 death yaks (IceCv)
  2 vampire magi (Depths:2)
  2 spriggan berserkers (Depths:5)
  Nergalle (D:11)
  4 tengu warriors
  3 sun demons
  4 hell knights (Depths:1)
  4 iron trolls
  A salamander mystic (Depths:1)
  3 unseen horrors
  A golden dragon zombie (Depths:2)
  A flayed ghost (D:8)
  4 deep trolls
  A swamp dragon (shapeshifter) (D:15)
  An unseen horror (shapeshifter) (Depths:2)
  A wizard (Depths:1)
  4 glowing orange brains
  Pikel (D:6)
  A necromancer (Depths:2)
  A lindwurm (shapeshifter) (Depths:3)
  A harpy (shapeshifter) (D:15)
  24 ugly things
  4 manticores
  A faun (shapeshifter) (Depths:4)
  The ghost of Somebody the Fighter, a novice NaBe of Trog (D:5)
  Maurice (D:9)
  5 salamanders
  A stone giant skeleton (Depths:2)
  An elephant (shapeshifter) (Depths:4)
  2 gargoyles (Depths:4)
  A rust devil (Depths:2)
  3 molten gargoyles
  A rime drake (shapeshifter) (Depths:4)
  20 yaktaurs
  3 kobold demonologists
  A komodo dragon (D:15)
  2 efreet
  An ice devil (D:15)
  3 tengu conjurers
  2 trolls
  A merfolk (D:15)
  13 polar bears (IceCv)
  2 hornets
  A polar bear (shapeshifter) (D:15)
  7 hippogriffs
  12 slime creatures
  A redback (shapeshifter) (Depths:4)
  A spriggan (shapeshifter) (Depths:4)
  8 air elementals
  A wyvern (D:15)
  2 wraiths
  2 spriggans (Depths:5)
  4 shadows
  40 yaks
  7 water elementals
  A vampire (D:12)
  4 fire elementals
  3 fire bats (Depths:1)
  A human (D:8)
  6 vampire mosquitoes
  A hungry ghost (D:11)
  3 insubstantial wisps (Depths:4)
  A naga (Depths:1)
  Edmund (D:5)
  Duvessa (D:5)
  A water moccasin (D:11)
  2 acid dragons
  A black bear (D:12)
  4 sky beasts
  7 orc warriors
  9 ice beasts
  A necrophage (D:8)
  19 ogres
  4 phantoms
  21 wolves
  An eye of draining (D:14)
  26 centaurs
  3 big kobolds
  9 bullfrogs
  7 earth elementals (Depths:4)
  A glowing shapeshifter simulacrum (Depths:2)
  Dowan (D:5)
  A water moccasin zombie (D:5)
  A wyvern skeleton (D:13)
  A wyvern zombie (D:8)
  2 scorpions
  8 killer bees
  7 wights
  2 electric eels
  5 howler monkeys
  2 lava snakes (D:8)
  13 crimson imps
  A centaur zombie (D:8)
  A hound (shapeshifter) (Depths:1)
  2 quasits
  8 hounds
  2 bullfrog skeletons
  A bullfrog zombie (D:5)
  6 jellies
  5 orc priests
  8 centaur skeletons
  A gnoll shaman (D:8)
  An iguana (D:6)
  5 orc wizards
  10 worker ants
  2 bullfrog simulacra (D:12)
  3 centaur simulacra
  3 hound skeletons
  Robin (D:2)
  19 adders
  4 gnolls (D:8)
  3 howler monkey skeletons
  2 shadow imps
  19 white imps
  2 ufetubi (D:12)
  3 oozes
  An adder zombie (D:8)
  An adder skeleton (D:7)
  A worm (D:2)
  3 dart slugs
  9 leopard geckos
  43 orcs
  7 bats
  4 giant cockroaches
  20 goblins
  11 hobgoblins
  8 jackals
  4 quokkas
  3 frilled lizards
  A jackal zombie (D:5)
  19 kobolds
  A quokka skeleton (D:9)
  A quokka zombie (D:9)
  5 rats
756 creatures vanquished.

Vanquished Creatures (collateral kills)
  A caustic shrike (Depths:2)
  2 tentacled monstrosities (Depths:5)
  A sphinx (Depths:2)
  2 fire giants
  2 stone giants (Depths:2)
  A war gargoyle (Depths:4)
  The ghost of Pixllover the Severer, a journeyman MiBe of Trog (D:14)
  2 very ugly things (Depths:4)
  2 vampire knights
  An ettin (Depths:1)
  Snorg (D:13)
  2 fire dragons (Depths:1)
  A great orb of eyes (Depths:2)
  A hydra (D:13)
  2 spriggan air magi (Depths:5)
  A centaur warrior (Depths:2)
  6 two-headed ogres
  2 ogre magi (Depths:1)
  A deep troll earth mage (Depths:5)
  A vampire mage (Depths:2)
  A spriggan berserker (Depths:5)
  3 hell knights (Depths:1)
  A deep troll (Depths:2)
  A tengu zombie (Depths:2)
  A necromancer (Depths:2)
  A faun (shapeshifter) (Depths:2)
  A frost giant zombie (Depths:2)
  A stone giant skeleton (Depths:2)
  A black mamba (Depths:1)
  A torpor snail (shapeshifter) (Depths:4)
  A yaktaur (Depths:1)
  A tengu conjurer (D:14)
  3 slime creatures
  A spriggan zombie (Depths:2)
  3 air elementals
  3 orc warriors
  An ogre (D:7)
  5 centaurs (Depths:2)
  A howler monkey (D:12)
  An orc priest (D:13)
  An orc wizard (D:12)
  A white imp (D:15)
  4 orcs
71 creatures vanquished.

Vanquished Creatures (others)
  A very ugly thing (Depths:4)
  A stone giant (Depths:2)
  A dancing weapon (Depths:4)
  A spriggan air mage (Depths:2)
  4 yaktaurs
  2 water elementals (Depths:4)
  An air elemental (Depths:4)
  2 hornet zombies (D:15)
  3 centaurs
  A howler monkey (D:11)
  9 ball lightnings (Depths:4)
  13 plants (Depths:1)
  A withered plant (Depths:3)
40 creatures vanquished.

Grand Total: 867 creatures vanquished

Notes
Turn   | Place    | Note
-------+----------+-------------------------------------------
     0 | D:1      | Jannitor the Deep Dwarf Fighter began the quest for the Orb.
     0 | D:1      | Reached XP level 1. HP: 20/20 MP: 1/1
   167 | D:1      | Reached XP level 2. HP: 22/27 MP: 2/2
   493 | D:2      | Reached XP level 3. HP: 26/34 MP: 3/3
   605 | D:2      | Noticed Robin
   641 | D:2      | Killed Robin
   641 | D:2      | Reached skill level 3 in Axes
   641 | D:2      | Reached XP level 4. HP: 18/42 MP: 4/4
  1502 | D:3      | Reached XP level 5. HP: 31/49 MP: 5/5
  1583 | D:3      | Reached XP level 6. HP: 20/57 MP: 6/6
  1863 | D:3      | Reached skill level 4 in Axes
  1897 | D:4      | Noticed an ice beast
  1913 | D:4      | Killed an ice beast
  1913 | D:4      | Reached skill level 5 in Shields
  1943 | D:4      | Found a sacrificial altar of Ru.
  2051 | D:4      | Reached skill level 5 in Armour
  2096 | D:4      | Reached XP level 7. HP: 52/66 MP: 6/6
  2604 | D:4      | Reached skill level 5 in Axes
  2721 | D:5      | Entered Level 5 of the Dungeon
  2738 | D:5      | Found a staircase to the Ecumenical Temple.
  2749 | Temple   | Entered the Ecumenical Temple
  2799 | Temple   | Became a worshipper of Makhleb the Destroyer
  2944 | D:5      | Noticed Edmund
  2957 | D:5      | Killed Edmund
  2957 | D:5      | Reached skill level 5 in Fighting
  2980 | D:5      | Reached XP level 8. HP: 52/74 MP: 6/6
  2998 | D:5      | Reached skill level 1 in Maces & Flails
  3033 | D:5      | Noticed Somebody's ghost (novice NaBe)
  3050 | D:5      | Killed Somebody's ghost
  3091 | D:5      | Noticed Dowan
  3093 | D:5      | Noticed Duvessa
  3122 | D:5      | Killed Duvessa
  3122 | D:5      | Reached skill level 1 in Invocations
  3133 | D:5      | Killed Dowan
  3201 | D:5      | Found a runed door.
  3502 | D:6      | Gained mutation: You passively map the area around you. [Deep Dwarf growth]
  3502 | D:6      | Reached XP level 9. HP: 45/82 MP: 7/7
  3514 | D:6      | Found a white marble altar of Elyvilon.
  3675 | D:6      | Noticed Pikel
  3684 | D:6      | Killed Pikel
  3719 | D:6      | Reached * piety under Makhleb
  3860 | D:6      | Found a burning altar of Makhleb.
  4042 | D:7      | Found Waoket's Gadget Boutique.
  4053 | D:7      | Bought a box of beasts for 240 gold pieces
  4228 | D:7      | Reached skill level 1 in Evocations
  4939 | D:7      | Found a glowing golden altar of the Shining One.
  4940 | D:7      | Found an opulent altar of Gozag.
  4942 | D:7      | Found a basalt altar of Yredelemnul.
  5110 | D:7      | Identified a scroll of acquirement
  5322 | D:8      | Found a staircase to the Lair.
  5433 | D:8      | Noticed a flayed ghost
  5434 | D:8      | Reached skill level 5 in Invocations
  5479 | D:8      | Noticed a two-headed ogre
  5497 | D:8      | Killed a two-headed ogre
  5497 | D:8      | Reached XP level 10. HP: 56/92 MP: 8/10
  5501 | D:8      | Reached skill level 6 in Axes
  5502 | D:8      | Reached ** piety under Makhleb
  5924 | D:8      | Killed a flayed ghost
  5939 | D:8      | Gained mutation: You have sharp fingernails. [potion of mutation]
  5939 | D:8      | Gained mutation: You are agile. (Dex +2) [potion of mutation]
  6030 | D:9      | Noticed Maurice
  6066 | D:9      | Killed Maurice
  6066 | D:9      | Reached skill level 5 in Evocations
  6329 | D:9      | Reached skill level 7 in Axes
  6334 | D:9      | Reached XP level 11. HP: 85/100 MP: 12/12
  7149 | D:10     | Entered Level 10 of the Dungeon
  7447 | D:10     | Reached *** piety under Makhleb
  7887 | D:11     | Noticed a green ugly thing
  7901 | D:11     | Killed a green ugly thing
  8071 | D:11     | Killed an unseen horror
  8131 | D:11     | Reached skill level 8 in Axes
  8134 | D:11     | Reached skill level 10 in Shields
  8148 | D:11     | Noticed a two-headed ogre
  8163 | D:11     | Killed a two-headed ogre
  8195 | D:11     | Noticed a two-headed ogre
  8206 | D:11     | Killed a two-headed ogre
  8206 | D:11     | Reached skill level 10 in Armour
  8291 | D:11     | Noticed a red ugly thing
  8310 | D:11     | Killed a red ugly thing
  8318 | D:11     | Found a staircase to the Orcish Mines.
  8386 | D:11     | Noticed Nergalle
  8407 | D:11     | Killed Nergalle
  8428 | D:11     | Reached **** piety under Makhleb
  8745 | D:11     | Reached XP level 12. HP: 112/112 MP: 11/11
  8843 | D:12     | Reached skill level 9 in Axes
  8861 | D:12     | Noticed NihilVerum's ghost (journeyman GnAr)
  8889 | D:12     | Killed NihilVerum's ghost
  8901 | D:12     | Got a shimmering chain mail
  8912 | D:12     | Identified the +7 chain mail "Zutea" {MR+} (You found it on level 12 of the Dungeon)
  9433 | D:13     | Noticed a centaur warrior
  9447 | D:13     | Killed a centaur warrior
  9447 | D:13     | Reached skill level 10 in Axes
  9447 | D:13     | Reached skill level 10 in Invocations
  9457 | D:13     | Found a frozen archway.
  9462 | D:13     | Reached ***** piety under Makhleb
  9495 | IceCv    | Entered an ice cave
  9758 | IceCv    | Noticed a death yak
  9758 | IceCv    | Noticed a death yak
  9758 | IceCv    | Noticed a death yak
  9773 | IceCv    | Killed a death yak
  9773 | IceCv    | Reached skill level 1 in Dodging
  9779 | IceCv    | Killed a death yak
  9787 | IceCv    | Killed a death yak
  9844 | IceCv    | Reached XP level 13. HP: 121/121 MP: 12/12
  9896 | IceCv    | Noticed a frost giant
  9913 | IceCv    | Reached skill level 11 in Axes
  9918 | IceCv    | Killed a frost giant
  9995 | D:13     | Noticed Snorg
 10005 | D:13     | Killed Snorg
 10288 | D:13     | Reached skill level 5 in Dodging
 10903 | D:14     | Noticed Paulina's ghost (journeyman FoEn)
 10930 | D:14     | Killed Paulina's ghost
 10951 | D:14     | Reached skill level 12 in Axes
 10977 | D:14     | Found a gate to the Vaults.
 10990 | D:14     | Reached skill level 10 in Fighting
 11050 | D:14     | Noticed Pixllover's ghost (journeyman MiBe)
 11086 | D:14     | Killed Pixllover's ghost
 11086 | D:14     | Gained mutation: You resist negative energy. (rN+) [Deep Dwarf growth]
 11086 | D:14     | Reached XP level 14. HP: 45/132 MP: 14/14
 11790 | D:15     | Entered Level 15 of the Dungeon
 12211 | D:15     | Reached ****** piety under Makhleb
 12283 | D:15     | Found a staircase to the Depths.
 12471 | D:15     | Reached skill level 13 in Axes
 12940 | Depths:1 | Entered Level 1 of the Depths
 13277 | Depths:1 | Reached XP level 15. HP: 140/140 MP: 16/16
 13292 | Depths:1 | Noticed a fire giant
 13308 | Depths:1 | Killed a fire giant
 13555 | Depths:1 | Reached skill level 10 in Dodging
 13680 | Depths:1 | Found Pynoacli's Serpentskin Sales.
 13714 | Depths:1 | Reached skill level 14 in Axes
 13729 | Depths:1 | Found a gateway to Hell.
 13733 | Depths:1 | Found a one-way gate leading to the halls of Pandemonium.
 14257 | Depths:2 | Found Poafug's Blood Bar.
 14291 | Depths:2 | Noticed a sphinx
 14296 | Depths:2 | Killed a sphinx
 14307 | Depths:2 | Noticed a fire giant
 14317 | Depths:2 | Killed a fire giant
 14335 | Depths:2 | Found Duphaub's Jewellery Boutique.
 14347 | Depths:2 | Bought the ring "Ceaxt" {rPois rF+ Slay+3 Stlth+} for 928 gold pieces
 14358 | Depths:2 | Noticed a frost giant
 14386 | Depths:2 | Killed a frost giant
 14563 | Depths:2 | Reached XP level 16. HP: 150/150 MP: 17/17
 14990 | Depths:2 | Reached skill level 15 in Axes
 15234 | Depths:2 | Noticed a caustic shrike
 15411 | Depths:2 | Killed a caustic shrike
 15815 | Depths:3 | Noticed a sphinx
 15815 | Depths:3 | Noticed a quicksilver dragon
 15815 | Depths:3 | Noticed a golden dragon
 15816 | Depths:3 | Noticed a storm dragon
 15845 | Depths:3 | Noticed a juggernaut
 15846 | Depths:3 | Noticed a titan
 16271 | Depths:3 | Got a translucent plate armour
 16272 | Depths:3 | Identified the cursed +1 plate armour of Uschuet {+Inv rPois rC+} (You found it on level 3 of the Depths)
 16315 | Depths:3 | Reached XP level 17. HP: 159/159 MP: 16/16
 16644 | Depths:4 | Reached skill level 16 in Axes
 16913 | Depths:5 | Entered Level 5 of the Depths
 16913 | Depths:5 | Noticed a tentacled monstrosity
 16926 | Depths:5 | Killed a tentacled monstrosity
 16977 | Depths:5 | Noticed the Enchantress
 16984 | Depths:5 | Found a snail-covered altar of Cheibriados.
 16994 | Depths:5 | Noticed a caustic shrike
 16995 | Depths:5 | Noticed a caustic shrike
 16996 | Depths:5 | Noticed a caustic shrike
 16997 | Depths:5 | Noticed a caustic shrike
 16997 | Depths:5 | Noticed a caustic shrike
 17017 | Depths:5 | Noticed a tentacled monstrosity
 17025 | Depths:5 | Killed a tentacled monstrosity
 17025 | Depths:5 | Slain by the Enchantress

Skill      XL: |  1  2  3  4  5  6  7  8  9 10 11 12 13 14 15 16 17 |
---------------+----------------------------------------------------+-----
Fighting       | 3 4 5 6 7 8 9 10 11 12 | 12.2
Axes           | 3 4 5 7 8 10 12 13 14 15 16 | 16.5
Shields        | 4 5 6 7 8 9 10 11 12 13 14 | 14.2
Armour         | 4 5 6 7 8 9 10 11 12 13 14 | 14.1
Maces & Flails | 3 4 |  4.4
Invocations    | 2 5 7 9 10 11 12 13 14 | 14.8
Evocations     | 3 5 |  5.5
Dodging        | 2 6 9 11 12 13 | 13.6

Action                   |  1- 3 |  4- 6 |  7- 9 | 10-12 | 13-15 | 16-18 || total
-------------------------+-------+-------+-------+-------+-------+-------++-------
Melee: War axe           |    94 |   236 |    92 |       |       |       ||   422
       Flail             |       |       |   273 |       |       |       ||   273
       Broad axe         |       |       |    53 |   865 |  1174 |   695 ||  2787
Invok: Lesser Servant of |       |       |       |     1 |    23 |     5 ||    29
       Major Destruction |       |       |       |       |     4 |     3 ||     7
       Greater Servant o |       |       |       |       |     4 |     8 ||    12
       Minor Destruction |       |       |       |       |       |     1 ||     1
 Abil: Heal Wounds       |       |     3 |     8 |    12 |    11 |     7 ||    41
Evoke: Box of beasts     |       |       |     1 |     1 |       |       ||     2
       Phantom mirror    |       |       |       |       |     1 |       ||     1
  Use: Scroll            |       |       |    11 |     7 |    13 |    12 ||    43
       Potion            |       |       |       |     8 |     5 |     4 ||    17
 Stab: Distracted        |       |       |       |       |     9 |    11 ||    20
  Eat: Chunk             |       |     4 |    11 |     8 |    11 |     5 ||    39
       Ration            |       |       |     2 |     3 |     2 |     2 ||     9
Armor: Scale mail        |    17 |       |       |       |       |       ||    17
       Chain mail        |    46 |   144 |   210 |   453 |   358 |       ||  1211
       Plate armour      |       |       |       |    78 |       |       ||    78
       Fire dragon scale |       |       |       |       |   109 |   180 ||   289
Dodge: Dodged            |    26 |    43 |    99 |   257 |   407 |   284 ||  1116
Block: Shield            |    45 |   153 |   243 |   738 |   881 |   480 ||  2540
       Reflection        |       |       |       |    35 |    45 |    38 ||   118
